 Dungeon Crawl Stone Soup version 0.30-a0-639-g3916f1956a (webtiles) character file.

Game seed: 5140910016371257445

467 zinnoa the Sneak (level 6, -5/30 HPs)
             Began as a Spriggan Enchanter on Jan 17, 2023.
             Was an Initiate of Dithmenos.
             Slain by a steam dragon (7 damage)
             ... on level 5 of the Dungeon.
             The game lasted 00:43:49 (4896 turns).

zinnoa the Sneak (Spriggan Enchanter)               Turns: 4896, Time: 00:43:49

Health: -5/30      AC:  2    Str:  4    XL:     6   Next: 81%
Magic:  16/22      EV: 18    Int: 17    God:    Dithmenos [......]
Gold:   258        SH:  0    Dex: 17    Spells: 1/13 levels left

rFire   + . .      SeeInvis +    a - +1 dagger
rCold   . . .      Faith    .    (no shield)
rNeg    . . .      Spirit   .    b - +0 robe
rPois   .          Reflect  .    (helmet restricted)
rElec   .          Harm     .    (no cloak)
rCorr   .          Rampage  .    (gloves unavailable)
Will    +....                    (boots unavailable)
Stlth   ++++                     (no amulet)
HPRegen 0.25/turn                h - ring of magical power
MPRegen 0.18/turn                t - ring of protection from fire

@: very quick
A: very small, no large weapons, unfitting armour, see invisible, speed 3
a: Renounce Religion


You were on level 5 of the Dungeon.
You worshipped Dithmenos.
Dithmenos was noncommittal.
You visited 2 branches of the dungeon, and saw 6 of its levels.

You collected 258 gold pieces.

Inventory:

Hand Weapons
 a - a +1 dagger (weapon)
 D - a +0 sling
Missiles
 j - 3 throwing nets (quivered)
 r - 2 poisoned darts
Armour
 b - a +0 robe (worn)
 H - the +2 ring mail of Diep {+Blink rPois rC+ rCorr}
   (You found it on level 5 of the Dungeon)

   rC:        It protects you from cold.
   rPois:     It protects you from poison.
   +Blink:    It lets you blink.
   rCorr:     It protects you from acid and corrosion.
Magical Staves
 g - a staff of fire
 J - a staff of air
Jewellery
 h - a ring of magical power (left hand)
 t - a ring of protection from fire (right hand)
 v - a ring of poison resistance
Wands
 A - a wand of polymorph (6)
Scrolls
 d - a scroll of fog
 e - a scroll of butterflies {unknown}
 i - a scroll of enchant armour {unknown}
 k - a scroll of blinking {unknown}
 l - a scroll of vulnerability {unknown}
 m - a scroll of enchant weapon {unknown}
 p - 2 scrolls of identify
 q - a scroll of noise {unknown}
 s - 2 scrolls of immolation
 w - a scroll of poison {unknown}
 x - a scroll of acquirement {unknown}
 y - a scroll of magic mapping {unknown}
 B - a scroll of teleportation {unknown}
 I - a scroll of fear {unknown}
Potions
 c - 2 potions of invisibility
 f - 2 potions of degeneration {unknown}
 n - a potion of flight {unknown}
 o - a potion of mutation {unknown}
 u - 4 potions of curing {unknown}
 z - a potion of ambrosia {unknown}
 C - a potion of magic {unknown}
 E - a potion of might {unknown}
 F - a potion of resistance {unknown}
 G - a potion of cancellation {unknown}


   Skills:
 + Level 1.2 Fighting
 + Level 3.2 Short Blades
 + Level 3.2 Dodging
 + Level 7.5 Stealth
 + Level 4.1 Spellcasting
 + Level 5.2 Hexes
 + Level 1.2 Ice Magic


You had one spell level left.
You knew the following spells:

 Your Spells              Type           Power      Damage    Failure   Level
a - Ensorcelled Hibernat  Hex/Ice        28%        N/A       6%          2
b - Tukima's Dance        Hex            21%        N/A       5%          3
c - Confusing Touch       Hex            21%        N/A       5%          3
d - Slow                  Hex            84%        N/A       1%          1
e - Dazzling Flash        Conj/Hex       24%        N/A       16%         3

Your spell library contained the following spells:

 Spells                   Type           Power      Damage    Failure   Level
 Beastly Appendage        Tmut           6%         N/A       16%         1
 Wereblood                Tmut           3%         N/A       24%         2
 Spider Form              Tmut/Pois      3%         N/A       43%         3
 Vampiric Draining        Necr           3%         2d6       43%         3


Dungeon Overview and Level Annotations

Branches:
Dungeon (5/15)             Temple (1/1) D:4

Altars:
Cheibriados
Dithmenos
Hepliaklqana
Nemelex Xobeh
Okawaru
Sif Muna
Uskayaw
Yredelemnul
Zin

Shops:
D:4 [

Annotations:
D:3 1 exclusion


Innate Abilities, Weirdness & Mutations

You are very small and have problems with some larger weapons.
You are too small for most types of armour.
You have supernaturally acute eyesight. (SInv)
You cover ground extremely quickly. (Speed+++)


Message History

You kill the hound!
Dithmenos accepts your kill.
Casting: Ensorcelled Hibernation (safe; 6% risk of failure)
Confirm with . or Enter, or press ? or * to list all spells.
Aiming: Ensorcelled Hibernation (safe; 6% risk of failure)
Press: ? - help, Shift-Dir - straight line, f - iguana
Aim: an iguana (chance to affect: 56%)
The iguana resists with significant effort.
Casting: Ensorcelled Hibernation (safe; 6% risk of failure)
Confirm with . or Enter, or press ? or * to list all spells.
Aiming: Ensorcelled Hibernation (safe; 6% risk of failure)
Press: ? - help, Shift-Dir - straight line, f/p - iguana
Aim: an iguana (chance to affect: 56%)
The iguana resists with significant effort.
The iguana bites you!
You hit the iguana but do no damage. The iguana bites you!
* * * LOW HITPOINT WARNING * * *
The howler monkey hits you.
* * * LOW HITPOINT WARNING * * *
Aiming: Polymorph
Press: ? - help, Shift-Dir - straight line, f - howler monkey, p - iguana
Aim: a howler monkey (will become a jelly, a hound, or a steam dragon, chance to affect: 57%)
The howler monkey evaporates and reforms as a steam dragon!
The iguana closely misses you.
You hit the iguana but do no damage. The steam dragon misses you.
The steam dragon closely misses you. The iguana misses you.
As you read the scroll labelled GAEPLEZ VUNAX, it crumbles to dust.
The creatures around you are filled with an inner flame!
It was a scroll of immolation.
The steam dragon barely misses you. The steam dragon completely misses you.
The iguana barely misses you.
As you read the scroll labelled NEHIOL POF WAS, it crumbles to dust.
It is a scroll of identify.
d - 2 scrolls of fog The steam dragon misses you.
The steam dragon claws you.
* * * LOW HITPOINT WARNING * * *
The iguana closely misses you.
Okay, then.
As you read the scroll of fog, it crumbles to dust.
The scroll dissolves into smoke.
The steam dragon bites you!
You die...

..[............### #.##.....
####.........#...# #.....#
#.....[...#.#.# #.##..#
#.........#.#.# #.##..#..
####.........#.#.###........
.........#.###......(.......
####.....#.# #.#§######..##.
#.....#.# #D# ..# #....##.#
#@# .# ###....##.# #l# #
##.......#.. §§§
........[... .....
##...............###
............####..
####........# ...
#####..##.### ... ...+ ..#
.#


You could see a steam dragon (inner flame) and an iguana (inner flame).

Vanquished Creatures
  A centaur (D:4)
  4 hounds
  Jessica (D:3)
  An iguana (D:5)
  8 adders
  3 gnolls (D:4)
  An ufetubus (D:5)
  A worm (D:2)
  3 dart slugs
  An orc (D:4)
  9 ball pythons
  7 endoplasms
  7 giant cockroaches
  7 goblins
  5 hobgoblins
  9 jackals
  9 kobolds
  A quokka (D:1)
  6 bats
  3 frilled lizards (D:1)
  10 rats
97 creatures vanquished.

Vanquished Creatures (collateral kills)
  An adder (D:4)
1 creature vanquished.

Vanquished Creatures (others)
  A dancing weapon (D:4)
1 creature vanquished.

Grand Total: 99 creatures vanquished

Notes
Turn   | Place    | Note
-------+----------+-------------------------------------------
     0 | D:1      | zinnoa the Spriggan Enchanter began the quest for the Orb.
     0 | D:1      | Reached XP level 1. HP: 9/9 MP: 5/5
   271 | D:1      | Reached XP level 2. HP: 10/14 MP: 6/6
   290 | D:1      | Learned a level 2 spell: Ensorcelled Hibernation
   921 | D:1      | Reached XP level 3. HP: 17/17 MP: 8/8
   969 | D:1      | Reached skill level 5 in Stealth
  1537 | D:2      | Reached XP level 4. HP: 21/21 MP: 7/9
  2534 | D:3      | Reached skill level 6 in Stealth
  2579 | D:3      | Learned a level 3 spell: Tukima's Dance
  2583 | D:3      | Learned a level 3 spell: Confusing Touch
  2782 | D:3      | Found a hide-covered altar of Uskayaw.
  2858 | D:3      | Found a hazy altar of Hepliaklqana.
  3117 | D:3      | Noticed Jessica
  3121 | D:3      | Killed Jessica
  3122 | D:3      | Reached XP level 5. HP: 25/25 MP: 10/10
  3289 | D:4      | Noticed a centaur
  3291 | D:4      | Killed a centaur
  3292 | D:4      | Reached skill level 1 in Fighting
  3292 | D:4      | Reached skill level 1 in Ice Magic
  3298 | D:4      | Reached skill level 5 in Hexes
  3298 | D:4      | Reached XP level 6. HP: 30/30 MP: 12/12
  3303 | D:4      | Reached skill level 7 in Stealth
  3659 | D:4      | Found Waaniu's Antique Armour Shoppe.
  3879 | D:4      | Learned a level 1 spell: Slow
  3883 | D:4      | Learned a level 3 spell: Dazzling Flash
  4048 | D:4      | Found a staircase to the Ecumenical Temple.
  4060 | Temple   | Entered the Ecumenical Temple
  4323 | Temple   | Became a worshipper of Dithmenos the Shadowed
  4610 | D:5      | Entered Level 5 of the Dungeon
  4668 | D:5      | Identified the +2 ring mail of Diep {+Blink rPois rC+
                  | rCorr}
  4772 | D:5      | Found a basalt altar of Yredelemnul.
  4892 | D:5      | a howler monkey changed into a steam dragon
  4892 | D:5      | Noticed a steam dragon
  4896 | D:5      | Slain by a steam dragon

Illustrated notes

Levels and vault maps discovered:
D:1:      onia_arrival_mini_maze_b, layout_basic
D:2:      layout_basic, chequers_serial_rivers_small_3, reono_crystal_passage,
          minmay_three_crescents
D:3:      layout_basic, nicolae_uskayaw_dance_hall,
          nicolae_overflow_crystal_walls, uniq_jessica
D:4:      layout_basic, minmay_temple_entry_slanted, serial_shops, shop
D:5:      layout_loops_ring, mainiacjoe_overflow_six_doors_small,
          overflow_temple_1_default, kennysheep_little_box
Temple:   hellmonk_temple_beads

Skill      XL: |  1  2  3  4  5  6 |
---------------+-------------------+-----
Hexes          | 4 5 |  5.2
Stealth        | 5 6 7 |  7.5
Spellcasting   | 3 4 |  4.1
Short Blades   | 2 3 |  3.2
Dodging        | 3 |  3.2
Fighting       | 1 |  1.2
Ice Magic      | 1 |  1.2

Action                   |  1- 3 |  4- 6 || total
-------------------------+-------+-------++-------
Melee: Dagger            |   140 |   158 ||   298
       Punch             |     2 |       ||     2
 Cast: Ensorcelled Hiber |    21 |    38 ||    59
       Confusing Touch   |       |     4 ||     4
       Tukima's Dance    |       |     4 ||     4
       Slow              |       |     2 ||     2
Evoke: Wand              |       |     1 ||     1
  Use: Scroll            |       |     3 ||     3
 Stab: Sleeping          |    16 |    38 ||    54
       Confused          |       |     3 ||     3
Armor: Robe              |     9 |     9 ||    18
Dodge: Dodged            |   114 |   118 ||   232

Table legend: (Time is in decaauts)
 A = Elapsed time spent in this place.
 B = Non-inter-level travel time spent in this place.
 C = Inter-level travel time spent in this place.
 D = Time resting spent in this place.
 E = Time spent auto-exploring this place.
 F = Levels seen in this place.
 G = Mean time per level.
                   A        B        C        D        E       F      G
               +--------+--------+--------+--------+--------+-----+--------+
         Total |   3525 |   3381 |    144 |    776 |   1420 |   6 |  587.5 |
       Dungeon |   3330 |   3224 |    106 |    776 |   1399 |   5 |  666.0 |
        Temple |    194 |    156 |     38 |      0 |     20 |   1 |  194.0 |
               +--------+--------+--------+--------+--------+-----+--------+

Top non-repeatable levels by time:
     D:1: 965 daAuts
     D:2: 826 daAuts
     D:4: 787 daAuts
     D:3: 559 daAuts
  Temple: 194 daAuts
     D:5: 192 daAuts
